 Dungeon Crawl Stone Soup version 0.30-a0-1016-gfb0d676c02 (webtiles) character file.

Game seed: 9328320468683038399

537 GigaChad the Chopper (level 7, -1/55 HPs)
             Began as a Formicid Fighter on Apr 6, 2023.
             Shot with an arrow by a centaur (5 damage)
             ... on level 5 of the Dungeon.
             The game lasted 00:04:33 (3932 turns).

GigaChad the Chopper (Formicid Fighter)             Turns: 3932, Time: 00:04:33

Health: -1/55      AC: 11    Str: 23    XL:     7   Next: 50%
Magic:  7/7        EV: 10    Int:  7    God:
Gold:   231        SH:  5    Dex: 13    Spells: 6/6 levels left

rFire   . . .      SeeInvis +    a - +3 war axe
rCold   . . .      Faith    .    c - +0 buckler
rNeg    . . .      Spirit   .    b - +0 scale mail
rPois   .          Reflect  .    (helmet unavailable)
rElec   .          Rampage  .    (no cloak)
rCorr   .                        (no gloves)
Will    .....                    (no boots) Stlth
                                 (no amulet)
HPRegen 0.29/turn                v - +4 ring of protection
MPRegen 0.10/turn                (no ring)

@: no status effects
A: permanent stasis, dig shafts and tunnels, antennae 3, four strong arms
a: Dig, Shaft Self


You were on level 5 of the Dungeon.
You visited 1 branch of the dungeon, and saw 5 of its levels.

You collected 231 gold pieces.

Inventory:

Hand Weapons
 a - a +3 war axe (weapon)
Missiles
 x - 2 throwing nets
Armour
 b - a +0 scale mail (worn)
 c - a +0 buckler (worn)
Jewellery
 n - a ring of magical power
 q - an amulet of guardian spirit
 v - a +4 ring of protection (left hand)
Wands
 r - a wand of iceblast (12)
Scrolls
 e - a scroll of fear
 h - 3 scrolls of teleportation
 j - a scroll of silence
 k - a scroll of noise {unknown}
 m - 3 scrolls of identify
 s - 2 scrolls of enchant armour {unknown}
 t - 2 scrolls of amnesia
 u - a scroll of brand weapon {unknown}
Potions
 d - 3 potions of might
 f - 2 potions of curing
 g - 2 potions of brilliance {unknown}
 i - 2 potions of mutation
 l - a potion of magic {unknown}
 o - a potion of invisibility {unknown}
 p - a potion of resistance {unknown}
 w - a potion of heal wounds {unknown}


   Skills:
 + Level 4.5 Fighting
 + Level 5.6 Axes
 + Level 4.9 Armour
 + Level 1.1 Dodging
 + Level 1.2 Stealth
 + Level 4.7 Shields


You had 6 spell levels left.
You didn't know any spells.
Your spell library contained the following spells:

 Spells                   Type           Power      Damage    Failure   Level
 Summon Small Mammal      Summ           0%         N/A       80%         1
 Call Canine Familiar     Summ           0%         N/A       99%         3
 Summon Guardian Golem    Hex/Summ       0%         N/A       99%         3


Dungeon Overview and Level Annotations

Branches:
Dungeon (5/15)
 Temple: D:4-7

Altars:
Xom

Shops:
D:2 (


Innate Abilities, Weirdness & Mutations

You cannot be hasted, slowed, berserked, paralysed or teleported.
You can dig through walls and to a lower floor.
You have a pair of large antennae on your head. (SInv)
Your four strong arms can wield two-handed weapons with a shield.


Message History

An orc wizard comes into view. It is wielding a +0 dagger.
The orc hits you with a +2 heavy flail.
You barely miss the orc.
The orc wizard gestures wildly while chanting.
The orc wizard flickers and vanishes for a moment.
The centaur shoots an arrow.
The arrow hits you. The orc hits you with a +2 heavy flail.
You completely miss the orc.
The centaur shoots an arrow.
The arrow hits the orc wizard!
The centaur shoots an arrow.
The arrow barely misses the orc wizard.
The arrow hits you! The orc closely misses you.
The orc wizard points at you and mumbles some strange words.
The magic dart hits you!
Unknown command.
You are too injured to fight recklessly!
You are too injured to fight recklessly!
Unknown command.
Unknown command.
You are too injured to fight recklessly!
Unknown command.
You are too injured to fight recklessly!
Unknown command.
You hit the orc wizard.
The orc wizard is severely wounded.
You hit the orc.
The centaur shoots an arrow.
The arrow closely misses the orc wizard.
The arrow hits you. The orc wizard barely misses you.
The centaur shoots an arrow.
The arrow closely misses the orc wizard.
The arrow hits you!
* * * LOW HITPOINT WARNING * * *
You hit the orc wizard.
You kill the orc wizard!
You completely miss the orc. The orc closely misses you.
The centaur shoots an arrow.
The arrow closely misses you. The orc barely misses you.
The orc wizard casts a spell.
The orc wizard flickers and vanishes for a moment.
The centaur shoots an arrow.
The arrow hits you.
You die...

#. #........# #.
#........# #.
###........# ..###.
#..........# . .....
#..........# .#####.
#.....co...# .......
#..........### #.###.
#.....@o...... .<##)
#...........#.#####.##.
#.....#####.#.......##.
#.....# #.### #.....
#.....#####...# ##.##..
#............†###...#..
#...................#..
#####........####.#.#..
#........####'#.#..


You could see a centaur, an orc wizard (invisible) and an orc.

Vanquished Creatures
  An ice beast (D:5)
  An ogre (D:5)
  4 hounds (D:5)
  2 orc wizards (D:5)
  An iguana (D:5)
  4 gnolls (D:5)
  4 adders
  An ufetubus (D:4)
  3 worms
  3 dart slugs
  13 orcs
  6 ball pythons
  4 endoplasms
  2 giant cockroaches
  9 goblins
  7 hobgoblins
  4 jackals (D:2)
  3 kobolds
  2 quokkas
  10 bats
  2 frilled lizards
  6 rats
92 creatures vanquished.

Notes
Turn   | Place    | Note
-------+----------+-------------------------------------------
     0 | D:1      | GigaChad the Formicid Fighter began the quest for the Orb.
     0 | D:1      | Reached XP level 1. HP: 18/18 MP: 1/1
   107 | D:1      | Reached XP level 2. HP: 22/24 MP: 2/2
   351 | D:1      | Reached XP level 3. HP: 28/29 MP: 3/3
   948 | D:2      | Found a faded altar of an unknown god.
   949 | D:2      | Found Cipn's Antique Weapon Shop.
   969 | D:2      | Reached XP level 4. HP: 37/37 MP: 4/4
  1035 | D:2      | Reached skill level 3 in Axes
  2503 | D:4      | Found a shimmering altar of Xom.
  2511 | D:4      | Found a shimmering altar of Xom.
  2512 | D:4      | Found a shimmering altar of Xom.
  2517 | D:4      | Found a shimmering altar of Xom.
  2601 | D:4      | Reached XP level 5. HP: 41/42 MP: 5/5
  3389 | D:5      | Entered Level 5 of the Dungeon
  3419 | D:5      | Noticed an ice beast
  3427 | D:5      | Reached skill level 4 in Axes
  3434 | D:5      | Killed an ice beast
  3435 | D:5      | Reached XP level 6. HP: 46/48 MP: 6/6
  3458 | D:5      | Reached skill level 1 in Stealth
  3587 | D:5      | Reached skill level 5 in Axes
  3597 | D:5      | Reached skill level 1 in Dodging
  3600 | D:5      | Reached XP level 7. HP: 35/54 MP: 7/7
  3932 | D:5      | Shot with an arrow by a centaur

Illustrated notes

Levels and vault maps discovered:
D:1:      scummos_arrival_star, layout_basic, chequers_serial_rivers_large_a,
          wad_floor_pattern_untrapped, minmay_tripent
D:2:      layout_basic, serial_corexii_hall, corexii_hall_statues_l,
          chequers_hall_statues_y, basic_ecumenical_altar, serial_shops, shop,
          dreamdust_princess_bridge
D:3:      layout_basic
D:4:      layout_basic, xom_redecorated, nrook_mini_backslash,
          nicolae_eternal_life
D:5:      layout_basic

Skill      XL: |  1  2  3  4  5  6 |
---------------+-------------------+-----
Axes           | 3 4 5 |  5.6
Armour         | 4 |  4.9
Fighting       | 4 |  4.5
Stealth        | 1 |  1.2
Dodging        | 1 |  1.1
Shields        | |  4.7

Action                     |  1- 3 |  4- 6 |  7- 9 || total
---------------------------+-------+-------+-------++-------
  Melee: War axe           |    87 |   139 |    24 ||   250
    Use: Scroll            |     3 |     7 |       ||    10
 Armour: Scale mail        |    52 |    88 |     6 ||   146
  Dodge: Dodged            |    53 |    85 |    20 ||   158
  Block: Buckler           |    26 |    36 |     3 ||    65

Table legend: (Time is in decaauts)
 A = Elapsed time spent in this place.
 B = Non-inter-level travel time spent in this place.
 C = Inter-level travel time spent in this place.
 D = Time resting spent in this place.
 E = Time spent auto-exploring this place.
 F = Levels seen in this place.
 G = Mean time per level.
                   A        B        C        D        E       F      G
               +--------+--------+--------+--------+--------+-----+--------+
         Total |   4029 |   3936 |     93 |      0 |   3195 |   5 |  805.8 |
       Dungeon |   4029 |   3936 |     93 |      0 |   3195 |   5 |  805.8 |
               +--------+--------+--------+--------+--------+-----+--------+

Top non-repeatable levels by time:
     D:2: 1101 daAuts
     D:4: 905 daAuts
     D:3: 824 daAuts
     D:1: 637 daAuts
     D:5: 560 daAuts
